 Dungeon Crawl Stone Soup version 0.29.0-11-gd7f09526c8 (webtiles) character file.

Game seed: 5459601672618064828

138 Zeldest the Insei (level 5, -1/46 HPs)
             Began as a Meteoran Monk on Sept 3, 2022.
             Was an Initiate of Gozag.
             Slain by Grinder (4 damage)
             ... on level 3 of the Dungeon.
             The game lasted 00:03:56 (895 turns).

Zeldest the Insei (Meteoran Monk)                    Turns: 895, Time: 00:03:56

Health: -1/46      AC:  8    Str: 15    XL:     5   Next: 74%
Magic:  6/6        EV:  7    Int: 11    God:    Gozag
Gold:   192        SH:  0    Dex: 16    Spells: 4/4 levels left

rFire   . . .      SeeInvis .     - Unarmed
rCold   . . .      Faith    .   (no shield)
rNeg    . . .      Spirit   .   c - +0 chain mail
rPois   +          Reflect  .   (no helmet)
rElec   .          Harm     .   (no cloak)
rCorr   .          Rampage  .   (no gloves)
Will    .....                   (no boots)
Stlth   ..........              (no amulet)
HPRegen 0.15/turn               f - ring of poison resistance
MPRegen 0.10/turn               (no ring)

@: glowing
A: sense surroundings 1, otherworldly, glowing, explore regen
a: Renounce Religion, Potion Petition, Call Merchant, Bribe Branch


You were on level 3 of the Dungeon.
You worshipped Gozag.
Gozag was aware of your devotion.
You visited 1 branch of the dungeon, and saw 3 of its levels.

You collected 192 gold pieces.

Inventory:

Armour
 a - a +0 robe
 c - a +0 chain mail (worn)
Jewellery
 f - a ring of poison resistance (left hand)
Scrolls
 d - 2 scrolls of teleportation {unknown}
 e - a scroll of fear {unknown}
 h - a scroll of summoning {unknown}
 k - 2 scrolls of identify {unknown}
Potions
 b - a potion of ambrosia
 g - a potion of cancellation {unknown}
 i - a potion of curing {unknown}
 j - a potion of haste {unknown}


   Skills:
 + Level 4.2 Fighting
 + Level 2.5 Armour
 - Level 3.6 Dodging
 - Level 1.4 Stealth
 * Level 5.5 Unarmed Combat


You had 4 spell levels left.
You didn't know any spells.
Your spell library contained the following spells:

 Spells                   Type           Power      Damage    Failure   Level
 Sublimation of Blood     Necr           0%         N/A       100%        2
 Petrify                  Tmut/Erth      0%         N/A       100%        4
 Irradiate                Conj/Tmut      0%         3d11      100%        5


Dungeon Overview and Level Annotations

Branches:
Dungeon (3/15) Zot: 906

Altars:
Dithmenos
Gozag

Annotations:
D:3 Grinder


Innate Abilities, Weirdness & Mutations

You passively map a small area around you.
You are easily found by Zot.
You glow in the dark.
You regain HP and MP as you explore.


Message History

You hit Grinder.
Grinder is moderately wounded.
Grinder hits you!
You barely miss Grinder.
Grinder is moderately wounded.
Grinder gestures at you. Pain shoots through your body!
You punch Grinder!
Grinder is heavily wounded.
You closely miss Grinder.
Grinder is heavily wounded.
Grinder hits you but does no damage.
You hit Grinder. You punch Grinder, but do no damage.
Grinder is heavily wounded.
Grinder hits you but does no damage.
You hit Grinder.
Grinder is severely wounded.
Grinder hits you.
* * * LOW HITPOINT WARNING * * *
You writhe in agony.
* * * LOW HITPOINT WARNING * * *
You barely miss Grinder.
Grinder is severely wounded.
Grinder closely misses you.
You punch Grinder!
Grinder is almost dead.
Grinder barely misses you.
You barely miss Grinder.
Grinder is almost dead.
Grinder barely misses you.
You closely miss Grinder.
Grinder is almost dead.
Grinder hits you but does no damage.
You closely miss Grinder.
Grinder is almost dead.
Grinder hits you.
* * * LOW HITPOINT WARNING * * *
You writhe in agony.
You die...
Your body crumbles into a pile of gold.

........# , .#.# #.#
........####+#+#+#.#.# ...
.########.......<..#.####...
.# #........)##........ .##
#......$.))......... ..#
#.............####.. ..#
#.........###.# + , , ..#
#.........# .# **,, ..#
#$......@.# .# , .##
#.......5.# *.# * .#
#.........# .# ##
#...).....# , # #.........#
, ########### * , , ,


You could see Grinder.

Vanquished Creatures
  2 orc priests (D:3)
  Jessica (D:2)
  3 dart slugs (D:1)
  An orc (D:3)
  4 endoplasms
  A giant cockroach (D:1)
  4 hobgoblins
  4 jackals (D:1)
  2 quokkas
  3 ball pythons
  6 bats
  3 frilled lizards (D:1)
  6 goblins
  2 kobolds (D:2)
  4 rats
46 creatures vanquished.

Notes
Turn   | Place    | Note
-------+----------+-------------------------------------------
     0 | D:1      | Zeldest the Meteoran Monk began the quest for the Orb.
     0 | D:1      | Reached XP level 1. HP: 19/19 MP: 2/2
    77 | D:2      | Reached XP level 2. HP: 26/26 MP: 3/3
   150 | D:2      | Noticed Jessica
   167 | D:2      | Killed Jessica
   168 | D:2      | Reached skill level 1 in Armour
   168 | D:2      | Reached skill level 4 in Unarmed Combat
   168 | D:2      | Reached XP level 3. HP: 22/33 MP: 4/4
   266 | D:1      | Reached XP level 4. HP: 40/40 MP: 5/5
   446 | D:1      | Found a faded altar of an unknown god.
   467 | D:1      | Prayed at the altar of an unknown god.
   467 | D:1      | Became a worshipper of Gozag Ym Sagoz the Greedy
   527 | D:1      | Reached skill level 5 in Unarmed Combat
   665 | D:3      | Noticed Grinder
   670 | D:3      | Reached XP level 5. HP: 46/46 MP: 6/6
   805 | D:3      | Found a shadowy altar of Dithmenos.
   895 | D:3      | Slain by Grinder

Illustrated notes

Levels and vault maps discovered:
D:1:      shiori_arrival_maze, layout_loops_ring,
          hellmonk_ecumenical_altar_lost_god, minmay_indecisive_spiral
D:2:      layout_basic, uniq_jessica
D:3:      cheibrodos_helix_gallery, layout_basic,
          nicolae_dithmenos_through_a_glass_darkly,
          gammafunk_temple_overflow_claw, uniq_sigmund, uniq_grinder,
          uniq_natasha

Skill      XL: |  1  2  3  4 |
---------------+-------------+-----
Armour         | 1 2 |  2.5
Unarmed Combat | 4 5 |  5.5
Fighting       | 4 |  4.2
Dodging        | |  3.6
Stealth        | |  1.4

Action                   |  1- 3 |  4- 6 || total
-------------------------+-------+-------++-------
Melee: Unarmed           |    55 |    93 ||   148
       Punch             |     2 |     1 ||     3
  Use: Potion            |       |     2 ||     2
Armor: Chain mail        |    46 |    63 ||   109
Dodge: Dodged            |    26 |    28 ||    54
